 Dungeon Crawl Stone Soup version 0.29.1-13-g9f3cf754e1 (webtiles) character file.

Game seed: 13796058798827171168

95 hawla the Chiller (level 5, -3/36 (38) HPs)
             Began as a Meteoran Ice Elementalist on Feb 11, 2023.
             Slain by a wight
             ... wielding a +4 morningstar
              (10 damage)
             ... on level 4 of the Dungeon.
             The game lasted 00:03:08 (528 turns).

hawla the Chiller (Meteoran Ice Elementalist)        Turns: 528, Time: 00:03:09

HP:   -3/36 (38)    AC:  2    Str:  9    XL:     5   Next: 19%
MP:   3/10          EV: 12    Int: 19    God:
Gold: 69            SH:  5    Dex: 14    Spells: 2/10 levels left

rFire   . . .      SeeInvis .   (no weapon)
rCold   . . .      Faith    .   (no shield)
rNeg    . . .      Spirit   .   a - +0 robe
rPois   .          Reflect  +   (no helmet)
rElec   .          Harm     .   (no cloak)
rCorr   .          Rampage  .   (no gloves)
Will    .....                   (no boots)
Stlth   +.........              f - amulet of reflection
HPRegen 0.12/turn               (no ring)
MPRegen 0.12/turn               (no ring)

@: freezing walls, glowing, drained
A: sense surroundings 1, otherworldly, glowing, explore regen
a: no special abilities


You were on level 4 of the Dungeon.
You visited 1 branch of the dungeon, and saw 4 of its levels.

You collected 69 gold pieces.

Inventory:

Armour
 a - a +0 robe (worn)
Jewellery
 f - an amulet of reflection (around neck)
Scrolls
 c - a scroll of identify {unknown}
 h - a scroll of poison
Potions
 d - a potion of haste {unknown}
 e - 2 potions of flight {unknown}
 g - a potion of heal wounds {unknown}


   Skills:
 - Level 0.3 Fighting
 - Level 2.7 Dodging
 - Level 1.4 Stealth
 - Level 3.2 Spellcasting
 + Level 2.0 Conjurations
 - Level 5.7 Ice Magic


You had 2 spell levels left.
You knew the following spells:

 Your Spells              Type           Power      Damage    Failure   Level
a - Freeze                Ice            96%        1d11      1%          1
b - Frozen Ramparts       Ice            48%        1d8       4%          3
c - Hailstorm             Conj/Ice       17%        3d6       30%         4

Your spell library contained the following spells:

 Spells                   Type           Power      Damage    Failure   Level
 Ozocubu's Armour         Ice            24%        N/A       4%          3


Dungeon Overview and Level Annotations

Branches:
Dungeon (4/15) Zot: 1871
 Temple: D:4-7

Altars:
Nemelex Xobeh


Innate Abilities, Weirdness & Mutations

You passively map a small area around you.
You are easily found by Zot.
You glow in the dark.
You regain HP and MP as you explore.


Message History

The walls around you are covered in ice.
The wall freezes the wight but does no damage.
The wight hits you with a +4 morningstar!
* * * LOW HITPOINT WARNING * * *
You feel drained.
* * * LOW HITPOINT WARNING * * *
Casting: Frozen Ramparts (dangerous; 4% risk of failure)
Confirm with . or Enter, or press ? or * to list all spells.
Aiming: Freeze (safe; 1% risk of failure)
Press: ? - help, Shift-Dir - straight line, f - wight
Aim: a wight, wielding a +4 morningstar and wearing a +0 robe (severely damaged)
You freeze the wight.
The wight resists.
The wight is severely damaged.
The wall freezes the wight but does no damage.
You block the wight's attack.
Casting: Freeze (safe; 1% risk of failure)
Confirm with . or Enter, or press ? or * to list all spells.
Aiming: Freeze (safe; 1% risk of failure)
Press: ? - help, Shift-Dir - straight line, f/p - wight
Aim: a wight, wielding a +4 morningstar and wearing a +0 robe (severely damaged)
You freeze the wight but do no damage.
The wight completely resists. x2
The wall freezes the wight but does no damage.
The wight closely misses you.
Casting: Freeze (safe; 1% risk of failure)
Confirm with . or Enter, or press ? or * to list all spells.
Aiming: Freeze (safe; 1% risk of failure)
Press: ? - help, Shift-Dir - straight line, f/p - wight
Aim: a wight, wielding a +4 morningstar and wearing a +0 robe (severely damaged)
You freeze the wight but do no damage.
The wight completely resists.
The wall freezes the wight but does no damage.
You block the wight's attack.
Casting: Freeze (safe; 1% risk of failure)
Confirm with . or Enter, or press ? or * to list all spells.
Aiming: Freeze (safe; 1% risk of failure)
Press: ? - help, Shift-Dir - straight line, f/p - wight
Aim: a wight, wielding a +4 morningstar and wearing a +0 robe (severely damaged)
You freeze the wight but do no damage.
The wight completely resists. x2
The wall freezes the wight but does no damage.
The wight hits you with a +4 morningstar!
You die...

### ### ##.# #.####.## #
##..#.## ### .# . ###..## ##.#
##.##.# ####...#
##..########......# ##......##
###.@z...............
.........####...#.............#
......#...#....##.........).###
....####......###...##......# *
>..## ###...####...####....#
..## #..####...## ##...# .##
##.###....# #....#* .#
#........## #.....<# ##
##.........###..####...


You could see a wight.

Vanquished Creatures
  A hound (D:4)
  A jelly (D:4)
  2 adders
  A worm (D:3)
  A bat (D:2)
  An endoplasm (D:2)
  3 goblins
  A hobgoblin (D:2)
  2 kobolds
  A quokka (D:2)
  A ball python (D:2)
  A frilled lizard (D:2)
16 creatures vanquished.

Notes
Turn   | Place    | Note
-------+----------+-------------------------------------------
     0 | D:1      | hawla the Meteoran Ice Elementalist began the quest for the
                  | Orb.
     0 | D:1      | Reached XP level 1. HP: 14/14 MP: 5/5
    46 | D:2      | Reached XP level 2. HP: 18/20 MP: 2/6
    82 | D:2      | Reached skill level 5 in Ice Magic
    82 | D:2      | Reached XP level 3. HP: 26/26 MP: 4/8
   105 | D:2      | Learned a level 3 spell: Frozen Ramparts
   135 | D:3      | Found a sparkling altar of Nemelex Xobeh.
   347 | D:4      | Reached XP level 4. HP: 33/33 MP: 3/9
   352 | D:4      | Learned a level 4 spell: Hailstorm
   358 | D:4      | Reached skill level 1 in Conjurations
   358 | D:4      | Reached XP level 5. HP: 38/38 MP: 1/10
   528 | D:4      | Slain by a wight

Illustrated notes

Levels and vault maps discovered:
D:1:      dpeg_arrival_simpleton_c, layout_basic,
          hellmonk_ecumenical_altar_slurped_away, serial_rivers,
          chequers_serial_rivers_micro_c, chequers_serial_rivers_micro_c,
          chequers_serial_rivers_large_a, chequers_serial_rivers_small_b,
          chequers_serial_rivers_micro_d
D:2:      layout_rooms, chequers_serial_rivers_micro_d
D:3:      layout_basic, mainiacjoe_overflow_boulevard,
          nicolae_overflow_crystal_walls, amethyst_overflow_temple_binary,
          serial_undead, serial_undead_e, serial_undead_c, serial_undead_d,
          serial_undead_f, minmay_crystal_water, st_stairs_8
D:4:      layout_layer_cave, minmay_temple_entry_mist

Skill      XL: |  1  2  3  4  5 |
---------------+----------------+-----
Ice Magic      | 5 |  5.7
Spellcasting   | 3 |  3.2
Conjurations   | 1 2 |  2.0
Fighting       | |  0.3
Dodging        | |  2.7
Stealth        | |  1.4

Action                   |  1- 3 |  4- 6 || total
-------------------------+-------+-------++-------
Melee: Unarmed           |     2 |     6 ||     8
       Punch             |     1 |     1 ||     2
 Cast: Freeze            |    19 |    12 ||    31
       Frozen Ramparts   |     2 |     3 ||     5
       Hailstorm         |       |     1 ||     1
  Use: Scroll            |     3 |       ||     3
       Potion            |       |     1 ||     1
Armor: Robe              |     3 |       ||     3
Dodge: Dodged            |     7 |     9 ||    16
Block: Other             |     3 |     5 ||     8
